 Dungeon Crawl Stone Soup version 0.26-a0-52-gd53d4cd058 (webtiles) character file.

Game seed: 2713154164637364859

88979 DerDa the Frost Mage (level 15, 0/110 HPs)
             Began as a Merfolk Ice Elementalist on June 6, 2020.
             Was an Elder of Sif Muna.
             Slain by a phantasmal warrior (1 damage)
             ... led by a death knight
             ... on level 15 of the Dungeon.
             The game lasted 01:52:45 (31231 turns).

DerDa the Frost Mage (Merfolk Ice Elementalist)    Turns: 31231, Time: 01:52:48

Health: 0/110      AC: 20    Str: 10    XL:     15   Next: 95%
Magic:  8/31       EV: 18    Int: 33    God:    Sif Muna [****..]
Gold:   1351       SH:  8    Dex: 18    Spells: 9/38 levels left

rFire    . . .     SeeInvis +   M - +1 war axe of Incongruity {holy, *Slow rElec Str+3 Dex+3}
rCold    + + .     Gourm    .   e - +3 buckler of the Sun {rPois Int+4 Slay+3}
rNeg     . . .     Faith    .   Z - +7 ring mail "Matacor" {rC++ Int+2}
rPois    +         Spirit   .   K - +1 helmet
rElec    +         Reflect  .   C - +1 cloak of the Monkey's Uncle {MR+++ Str-2 SInv Stlth+}
rCorr    .         Harm     .   V - +1 pair of gloves {Dex+3}
MR       ++...                  (no boots)
Stlth    +++.......             S - amulet of the acrobat
HPRegen  0.28/turn              T - ring of wizardry
MPRegen  0.22/turn              Q - +6 ring of intelligence

@: vulnerable
A: change form in water, swift swim, stealthy swim, thin metallic scales 1,
clumsy 1
a: Channel Magic, Forget Spell, Divine Exegesis, Renounce Religion


You were on level 15 of the Dungeon.
You worshipped Sif Muna.
Sif Muna was greatly pleased with you.
You were not hungry.

You visited 4 branches of the dungeon, and saw 24 of its levels.
You also visited: Ossuary and Volcano.

You collected 4177 gold pieces.
You spent 2826 gold pieces at shops.

Inventory:

Hand Weapons
 a - the +4 spear of Faig {vorpal, rN+}
   (You bought it in a shop on level 2 of the Orcish Mines)

   It inflicts extra damage upon your enemies.
   It protects you from negative energy.
 b - the +1 rapier "Muelisiu" {elec, *Slow Int+9}
   (You found it on level 4 of the Dungeon)

   Occasionally, upon striking a foe, it will discharge some electrical energy
   and cause terrible harm.
   It affects your intelligence (+9).
   It may slow you when you take damage.
 M - the +1 war axe of Incongruity (weapon) {holy, *Slow rElec Str+3 Dex+3}
   (You found it on level 14 of the Dungeon)

   It has been blessed by the Shining One to cause great damage to the undead
   and demons.
   It affects your strength (+3).
   It affects your dexterity (+3).
   It insulates you from electricity.
   It may slow you when you take damage.
Missiles
 r - 68 poisoned darts (quivered)
Armour
 e - the +3 buckler of the Sun (worn) {rPois Int+4 Slay+3}
   (You bought it in a shop on level 2 of the Orcish Mines)

   It affects your intelligence (+4).
   It affects your accuracy and damage with ranged weapons and melee attacks
   (+3).
   It protects you from poison.
 g - the +5 scale mail of the Pink Corner {rF++ Str+8 SInv Stlth-}
   (You found it on level 14 of the Dungeon)

   It affects your strength (+8).
   It greatly protects you from fire.
   It lets you see invisible.
   It makes you less stealthy.
 C - the +1 cloak of the Monkey's Uncle (worn) {MR+++ Str-2 SInv Stlth+}
   (You found it on level 5 of the Dungeon)

   It affects your strength (-2).
   It affects your resistance to hostile enchantments.
   It lets you see invisible.
   It makes you more stealthy.
 G - the +0 robe "Cuaphoy" {rCorr}
   (You found it on level 8 of the Dungeon)

   It provides partial protection from all sources of acid and corrosion.
 K - a +1 helmet (worn)
 V - a +1 pair of gloves of dexterity (worn)
 Z - the +7 ring mail "Matacor" (worn) {rC++ Int+2}
   (You bought it in a shop on level 2 of the Orcish Mines)

   It affects your intelligence (+2).
   It greatly protects you from cold.
Jewellery
 Q - a +6 ring of intelligence (right hand)
 S - an amulet of the acrobat (around neck)
 T - a ring of wizardry (left hand)
 U - an uncursed ring of protection from cold
Wands
 u - a wand of clouds (6)
 z - a wand of iceblast (7)
 A - a wand of disintegration (7)
 N - a wand of digging (6)
 O - a wand of polymorph (31)
 P - a wand of paralysis (29)
Scrolls
 f - 2 scrolls of fog
 i - a scroll of silence
 l - 2 scrolls of magic mapping
 s - 11 scrolls of teleportation
 w - 4 scrolls of fear
 x - 3 scrolls of enchant weapon
 y - 5 scrolls of remove curse
 B - 2 scrolls of enchant armour
 F - a scroll of vulnerability
 L - 3 scrolls of brand weapon
 R - a scroll of holy word
 X - a scroll of immolation
Potions
 d - 2 potions of ambrosia
 j - 3 potions of might
 k - 5 potions of flight
 m - 2 potions of haste
 n - 6 potions of stabbing {unknown}
 o - 4 potions of invisibility {unknown}
 p - a potion of berserk rage {unknown}
 q - 7 potions of curing
 v - 2 potions of magic {unknown}
 E - 4 potions of lignification {unknown}
 I - 3 potions of resistance {unknown}
Miscellaneous
 H - 2 boxes of beasts
Comestibles
 c - 29 rations
 t - 2 chunks of flesh


   Skills:
 + Level 8.0 Fighting
 - Level 1.0 Polearms
 + Level 12.1 Dodging
 - Level 2.1 Stealth
 - Level 4.0 Shields
 * Level 12.0 Spellcasting
 * Level 10.6 Conjurations
 * Level 14.2 Ice Magic
 + Level 5.9 Air Magic
 + Level 7.9 Invocations
 + Level 7.3 Evocations


You had 9 spell levels left.
You knew the following spells:

 Your Spells              Type           Power        Failure   Level  Hunger
a - Freeze                Ice            ####         0%          1    None
b - Frozen Ramparts       Ice            ######       1%          3    None
c - Ozocubu's Armour      Chrm/Ice       ######..     1%          3    None
d - Hailstorm             Conj/Ice       #######.     1%          4    None
e - Summon Ice Beast      Ice/Summ       ######..     1%          4    None
f - Freezing Cloud        Conj/Ice/Air   ######....   6%          6    ####...
g - Ozocubu's Refrigerat  Ice            #######...   1%          6    ####...
w - Swiftness             Chrm/Air       #####...     1%          2    None

Your spell library contained the following spells:

 Spells                   Type           Power        Failure   Level  Hunger
 Magic Dart               Conj           ####         1%          1    None
 Corpse Rot               Necr/Air       N/A          1%          2    None
 Ensorcelled Hibernation  Hex/Ice        ######       1%          2    None
 Dazzling Flash           Conj/Hex       ######       1%          3    None
 Ice Form                 Ice/Tmut       ######..     1%          4    None
 Beastly Appendage        Tmut           ###...       2%          1    None
 Corona                   Hex            ###....      2%          1    None
 Summon Small Mammal      Summ           ###.         2%          1    None
 Call Imp                 Summ           ###.....     3%          2    None
 Passwall                 Tmut/Erth      ###.....     3%          2    None
 Slow                     Hex            ###.....     3%          2    None
 Sticks to Snakes         Tmut           ###.....     3%          2    None
 Call Canine Familiar     Summ           ###.....     8%          3    None
 Confusing Touch          Hex            ###.....     8%          3    None
 Inner Flame              Hex/Fire       ###.....     8%          3    None
 Lesser Beckoning         Tloc           ###.......   8%          3    None
 Portal Projectile        Hex/Tloc       ###...       8%          3    None
 Recall                   Summ/Tloc      N/A          8%          3    None
 Spider Form              Tmut/Pois      ###.......   8%          3    None
 Summon Guardian Golem    Hex/Summ       ###.....     8%          3    None
 Tukima's Dance           Hex            ###.....     8%          3    None
 Summon Lightning Spire   Summ/Air       #####...     8%          4    None
 Conjure Ball Lightning   Conj/Air       ######....   12%         6    ####...
 Bolt of Magma            Conj/Fire/Erth #####.....   16%         5    #......
 Cause Fear               Hex            ###.......   24%         4    None
 Leda's Liquefaction      Hex/Erth       ###.......   24%         4    None
 Passage of Golubria      Tloc           N/A          24%         4    None
 Aura of Abjuration       Summ           ###.......   52%         5    #......
 Blade Hands              Tmut           ###.......   52%         5    #......
 Excruciating Wounds      Chrm/Necr      ###.......   52%         5    #......
 Lee's Rapid Deconstruct  Erth           ###.......   52%         5    #......
 Summon Demon             Summ           ###.......   52%         5    #......
 Summon Forest            Summ/Tloc      ###.......   52%         5    #......
 Summon Mana Viper        Hex/Summ       ###.....     52%         5    #......
 Darkness                 Hex            ###.......   97%         6    ####...
 Invisibility             Hex            ###.....     97%         6    ####...
 Shadow Creatures         Summ           N/A          97%         6    ####...
 Statue Form              Tmut/Erth      ###......    97%         6    ####...
 Chain Lightning          Conj/Air       ######....   99%         8    #######
 Absolute Zero            Ice            #######...   99%         9    #######
 Malign Gateway           Summ/Tloc      ###.......   100%        7    ######.
 Monstrous Menagerie      Summ           ###.......   100%        7    ######.
 Summon Hydra             Summ           ###.......   100%        7    ######.
 Death's Door             Chrm/Necr      ###.......   100%        8    #######
 Disjunction              Tloc           ###.......   100%        8    #######
 Lehudib's Crystal Spear  Conj/Erth      ######....   100%        8    #######
 Summon Horrible Things   Summ           ###.......   100%        8    #######


Dungeon Overview and Level Annotations

Branches:
Dungeon (15/15) Temple (1/1) D:7 Lair (6/6) D:9 Shoals (0/4) Lair:4 Snake (0/4) Lair:3 Slime (0/5) Lair:5 Orc (2/2) D:10 Elf (0/3) Orc:2 Vaults (0/5) D:13 D:14 Ossuary (visited) Volcano (visited) Depths: D:15

Altars:
Ashenzari
Cheibriados
Dithmenos
Elyvilon
Fedhas
Gozag
Hepliaklqana
Kikubaaqudgha
Makhleb
Nemelex Xobeh
Okawaru
Qazlal
Ru
Sif Muna
Trog
Uskayaw
Vehumet
Wu Jian
Xom
Yredelemnul
Zin
The Shining One
Beogh

Shops:
D:14 *   D:15 ?   Orc:2 }[([

Portals:
Trove: D:10 (give +7 demon trident)

Annotations:
D:5 exclusion: statue


Innate Abilities, Weirdness & Mutations

You revert to your normal form in water.
You are very nimble and swift while swimming.
You are very stealthy in the water. (Stealth+)
You are partially covered in thin metallic scales. (AC +2)
You are clumsy. (Dex -2)


Message History

* * * LOW HITPOINT WARNING * * *
Casting: Hailstorm (safe; 1% risk of failure)
Confirm with . or Enter, or press ? or * to list all spells.
A chill wind blows around you. The phantasmal warrior hits you!!
* * * LOW HITPOINT WARNING * * *
You feel much better. The phantasmal warrior misses you.
Your ice beast barely misses the phantasmal warrior.
You hit the phantasmal warrior but do no damage.
The phantasmal warrior is moderately damaged.
The phantasmal warrior hits you!
* * * LOW HITPOINT WARNING * * *
Your ice beast hits the phantasmal warrior but does no damage.
Unknown command.
You hit the phantasmal warrior but do no damage.
The phantasmal warrior is moderately damaged.
The phantasmal warrior hits you!!
* * * LOW HITPOINT WARNING * * *
Your ice beast hits the phantasmal warrior but does no damage.
The phantasmal warrior hits you.
You die...

##### #...
######!#######
#.YW@.)......#
#.####........ #.#
#..####.#
###.####..#
#.........#
#########รท#.####..#
#.........#.# #..#
#.#########.# #...
#.# #.# #..#


You could see a phantasmal warrior and a friendly ice beast (summoned).

Vanquished Creatures
  Rupert (D:13)
  Kirke (D:14)
  Frances (D:14)
  2 orc warlords (Orc:2)
  A red draconian (Volcano)
  The ghost of po7itron the Blocker, a journeyman FoFi of Okawaru (D:12)
  An ogre mage (Volcano)
  Josephine (D:14)
  8 hydras
  3 centaur warriors
  4 catoblepae
  2 death knights
  10 death yaks
  8 two-headed ogres
  2 tengu warriors (D:13)
  2 orc high priests (Orc:2)
  A necromancer (Lair:2)
  A phantasmal warrior (D:15)
  2 ugly things
  4 oklob plants
  5 orc knights
  A deep elf mage (D:14)
  A cyclops (D:15)
  2 slime creatures
  An orc sorcerer (Orc:1)
  2 manticores (Lair:6)
  6 black mambas
  A guardian serpent (D:13)
  Psyche (D:8)
  A gargoyle (D:10)
  6 spiny frogs
  3 centaur skeletons
  2 rime drakes
  A torpor snail (Lair:5)
  An efreet (D:14)
  2 komodo dragons
  A freezing wraith (D:15)
  8 trolls
  A polar bear (Lair:5)
  11 blink frogs
  6 hippogriffs
  A meliai zombie (D:15)
  2 water elementals (D:15)
  2 shadows
  A spriggan (D:7)
  4 wyverns
  16 humans
  2 basilisks
  37 yaks
  5 wraiths
  6 hogs (D:14)
  4 hungry ghosts
  A human (shapeshifter) (D:15)
  A steam dragon (D:11)
  2 neqoxecs (D:11)
  8 vampire mosquitoes
  An acid dragon (D:14)
  A naga (Lair:3)
  Edmund (D:5)
  4 wargs
  10 water moccasins
  7 porcupines
  2 black bears
  40 orc warriors
  2 sky beasts
  2 ice beasts
  15 ogres
  A phantom (D:13)
  2 necrophages (D:8)
  7 wolves
  13 centaurs
  A big kobold (D:11)
  6 crocodiles
  2 elf skeletons (D:6)
  An elf zombie (D:6)
  2 gnoll sergeants
  20 bullfrogs
  A scorpion (D:4)
  6 killer bees (D:11)
  A troll zombie (D:8)
  5 wights
  6 electric eels
  4 howler monkeys
  3 crimson imps
  4 quasits
  2 bullfrog zombies
  7 centaur zombies
  4 jellies
  9 hounds
  2 human zombies (D:8)
  2 bullfrog skeletons
  19 orc priests
  19 orc wizards
  Crazy Yiuf (D:5)
  Jessica (D:3)
  3 human skeletons (D:6)
  An iguana (D:8)
  8 worker ants
  2 polar bear simulacra (Lair:2)
  A yak simulacrum (Lair:2)
  4 wolf simulacra (Lair:2)
  2 ogre zombies (D:8)
  3 big kobold zombies (Ossuary)
  2 hound zombies
  5 mummies
  A hound skeleton (D:4)
  A howler monkey zombie (D:6)
  Robin (D:3)
  9 gnolls
  A river rat (shapeshifter) (D:15)
  12 adders
  An ooze (D:5)
  An adder skeleton (D:8)
  An adder zombie (D:5)
  2 worms
  3 dart slugs
  6 leopard geckos
  119 orcs
  A ball python (D:4)
  4 giant cockroaches
  A gnoll zombie (Ossuary)
  21 goblins
  3 hobgoblins
  9 jackals
  3 quokkas
  12 bats
  5 frilled lizards
  2 goblin zombies (Ossuary)
  4 hobgoblin zombies (Ossuary)
  20 kobolds
  A leopard gecko skeleton (D:4)
  An orc skeleton (D:8)
  An orc zombie (Ossuary)
  4 rats
  3 river rat simulacra (Lair:2)
  5 fungi
  5 plants
741 creatures vanquished.

Vanquished Creatures (collateral kills)
  Roxanne (D:14)
  The ghost of Sensen the Fighter, a journeyman MiBe of Trog (D:11)
  A centaur warrior (D:14)
  A death yak (Lair:6)
  A two-headed ogre (Volcano)
  An orc knight (Orc:2)
  3 blink frogs
  2 yaks (Lair:6)
  A gnoll sergeant (Orc:2)
  An orc wizard (Orc:1)
  A polar bear simulacrum (Lair:2)
  3 orcs (Orc:2)
17 creatures vanquished.

Vanquished Creatures (others)
  3 fungi (Lair:4)
  5 plants
  3 withered plants (D:15)
11 creatures vanquished.

Grand Total: 769 creatures vanquished

Notes
Turn   | Place    | Note
-------+----------+-------------------------------------------
     0 | D:1      | DerDa the Merfolk Ice Elementalist began the quest for the
                  | Orb.
     0 | D:1      | Reached XP level 1. HP: 13/13 MP: 3/3
   241 | D:1      | Reached XP level 2. HP: 19/19 MP: 0/5
   687 | D:1      | Reached XP level 3. HP: 23/24 MP: 3/6
   692 | D:1      | Learned a level 3 spell: Frozen Ramparts
   696 | D:1      | Learned a level 3 spell: Ozocubu's Armour
  1077 | D:2      | Found a faded altar of an unknown god.
  1089 | D:2      | Reached skill level 5 in Ice Magic
  1091 | D:2      | Reached XP level 4. HP: 23/30 MP: 4/8
  2102 | D:3      | Reached XP level 5. HP: 34/35 MP: 6/9
  2412 | D:3      | Found a sparkling altar of Nemelex Xobeh.
  2506 | D:3      | Noticed Robin
  2516 | D:3      | Killed Robin
  2577 | D:3      | Found a sacrificial altar of Ru.
  2595 | D:3      | Found a bloodstained altar of Trog.
  2754 | D:3      | Found a white marble altar of Elyvilon.
  2761 | D:3      | Noticed Jessica
  2768 | D:3      | Found a burning altar of Makhleb.
  2774 | D:3      | Killed Jessica
  3160 | D:4      | Reached XP level 6. HP: 42/42 MP: 9/11
  3318 | D:4      | Reached skill level 1 in Polearms
  3480 | D:4      | Got an ichor-stained rapier
  3480 | D:4      | Identified the cursed +1 rapier "Muelisiu" {elec, *Slow
                  | Int+9} (You found it on level 4 of the Dungeon)
  3486 | D:4      | Learned a level 4 spell: Hailstorm
  3509 | D:4      | Reached skill level 6 in Ice Magic
  4157 | D:5      | Entered Level 5 of the Dungeon
  4244 | D:5      | Reached skill level 1 in Conjurations
  4273 | D:5      | Found a blossoming altar of Fedhas.
  4345 | D:5      | Got a spiked cloak
  4350 | D:5      | Identified the +1 cloak of the Monkey's Uncle {MR+++ Str-2
                  | SInv Stlth+} (You found it on level 5 of the Dungeon)
  4465 | D:5      | Found a radiant altar of Vehumet.
  4711 | D:5      | Noticed Edmund
  4730 | D:5      | Killed Edmund
  4730 | D:5      | Reached XP level 7. HP: 35/47 MP: 4/13
  5112 | D:5      | Found a runed translucent door.
  5113 | D:5      | Noticed Crazy Yiuf
  5497 | D:5      | Killed Crazy Yiuf
  5676 | D:6      | Reached skill level 5 in Dodging
  5685 | D:6      | Found a sand-covered staircase.
  5697 | Ossuary  | Entered an ossuary
  5822 | Ossuary  | Reached skill level 7 in Ice Magic
  5822 | Ossuary  | Reached XP level 8. HP: 29/53 MP: 12/15
  6119 | D:6      | Reached skill level 5 in Spellcasting
  6655 | D:6      | Noticed a yak
  6657 | D:6      | Noticed a yak
  6658 | D:6      | Noticed a yak
  6659 | D:6      | Noticed a yak
  6661 | D:6      | Noticed a yak
  6662 | D:6      | Noticed a yak
  6664 | D:6      | Killed a yak
  6664 | D:6      | Reached skill level 1 in Shields
  6665 | D:6      | Killed a yak
  6669 | D:6      | Killed a yak
  6669 | D:6      | Reached skill level 8 in Ice Magic
  6669 | D:6      | Reached XP level 9. HP: 45/58 MP: 14/17
  7619 | D:7      | Found a staircase to the Ecumenical Temple.
  7646 | Temple   | Entered the Ecumenical Temple
  7727 | Temple   | Became a worshipper of Sif Muna the Loreminder
  8025 | D:7      | Found a shimmering altar of Xom.
  8360 | D:8      | Found a snail-covered altar of Cheibriados.
  8651 | D:8      | Reached skill level 5 in Conjurations
  8684 | D:8      | Reached skill level 9 in Ice Magic
  8685 | D:8      | Reached XP level 10. HP: 41/64 MP: 15/20
  8689 | D:8      | Reached * piety under Sif Muna
  8746 | D:8      | Found a roughly hewn altar of Beogh.
  8845 | D:8      | Got a smoking robe
  8855 | D:8      | Identified the +0 robe "Cuaphoy" {rCorr} (You found it on
                  | level 8 of the Dungeon)
  9482 | D:8      | Noticed Psyche
  9489 | D:8      | Killed Psyche
  9883 | D:8      | Reached ** piety under Sif Muna
  9893 | D:8      | Found a basalt altar of Yredelemnul.
 10218 | D:9      | Found a hide-covered altar of Uskayaw.
 10305 | D:9      | Learned a level 4 spell: Summon Ice Beast
 10317 | D:9      | Learned a level 2 spell: Swiftness
 10524 | D:9      | Found a staircase to the Lair.
 10925 | D:9      | Reached skill level 1 in Fighting
 11125 | D:10     | Entered Level 10 of the Dungeon
 11154 | D:10     | Reached skill level 10 in Ice Magic
 11194 | D:10     | Reached skill level 1 in Evocations
 11196 | D:10     | Reached skill level 1 in Invocations
 11203 | D:10     | Found an iron altar of Okawaru.
 11375 | D:10     | Reached *** piety under Sif Muna
 11468 | D:10     | Found a staircase to the Orcish Mines.
 11558 | D:10     | Reached skill level 1 in Air Magic
 11558 | D:10     | Reached XP level 11. HP: 33/70 MP: 1/23
 11975 | D:10     | Found a portal to a secret trove of treasure.
 12179 | D:11     | Noticed a brown ugly thing
 12198 | D:11     | Killed a brown ugly thing
 12733 | D:11     | Found a transporter.
 12798 | D:11     | Noticed a two-headed ogre
 12803 | D:11     | Killed a two-headed ogre
 12854 | D:11     | Reached **** piety under Sif Muna
 12942 | D:11     | Noticed a four-headed hydra
 12950 | D:11     | Killed a four-headed hydra
 13448 | D:11     | Found a transporter.
 13583 | D:11     | Noticed Sensen's ghost (journeyman MiBe)
 13739 | D:11     | Killed Sensen's ghost
 13824 | Lair:1   | Entered Level 1 of the Lair of Beasts
 13847 | Lair:1   | Reached skill level 11 in Ice Magic
 13871 | Lair:1   | Got a polished buckler
 13881 | Lair:1   | Identified the +0 buckler "Kuuluucs" {rF+ Str-4 Dex+7
                  | Slay+2} (You found it on level 1 of the Lair of Beasts)
 14057 | Lair:1   | Found a dark tunnel.
 14065 | Volcano  | Entered a volcano
 14081 | Volcano  | Noticed an ogre mage
 14084 | Volcano  | Found a bloodstained altar of Trog.
 14087 | Volcano  | Killed an ogre mage
 14087 | Volcano  | Reached XP level 12. HP: 81/81 MP: 11/25
 14124 | Volcano  | Noticed a two-headed ogre
 14128 | Volcano  | Noticed a two-headed ogre
 14129 | Volcano  | Killed a two-headed ogre
 14130 | Volcano  | Noticed a two-headed ogre
 14139 | Volcano  | Killed a two-headed ogre
 14143 | Volcano  | Killed a two-headed ogre
 14161 | Volcano  | Noticed a red draconian
 14289 | Volcano  | Killed a red draconian
 14322 | Volcano  | Noticed a two-headed ogre
 14322 | Volcano  | Noticed a two-headed ogre
 14334 | Volcano  | Killed a two-headed ogre
 14335 | Volcano  | Killed a two-headed ogre
 14344 | Volcano  | Noticed a two-headed ogre
 14362 | Volcano  | Killed a two-headed ogre
 15008 | Lair:1   | Noticed a six-headed hydra
 15020 | Lair:1   | Killed a six-headed hydra
 15190 | Lair:1   | Found a white marble altar of Elyvilon.
 16468 | Lair:2   | Reached XP level 13. HP: 88/88 MP: 18/26
 16623 | Lair:2   | Reached skill level 10 in Dodging
 16972 | Lair:3   | Reached skill level 5 in Fighting
 17227 | Lair:3   | Found a staircase to the Snake Pit.
 17768 | Lair:4   | Reached skill level 12 in Ice Magic
 17817 | Lair:3   | Reached skill level 10 in Spellcasting
 17817 | Lair:3   | Reached skill level 5 in Invocations
 18255 | Lair:4   | Reached ***** piety under Sif Muna
 18375 | Lair:4   | Identified Sif Muna's Guide on Air and the Mountains (Sif
                  | Muna gifted it to you on level 4 of the Lair of Beasts)
 18375 | Lair:4   | Received a gift from Sif Muna
 18375 | Lair:4   | Reached skill level 5 in Evocations
 18929 | Lair:4   | Found a staircase to the Shoals.
 18930 | Lair:4   | Identified a scroll of acquirement
 20141 | Lair:5   | Found a staircase to the Slime Pits.
 20444 | Lair:6   | Entered Level 6 of the Lair of Beasts
 20737 | Lair:6   | Reached XP level 14. HP: 84/98 MP: 14/28
 21368 | Lair:6   | Reached skill level 13 in Ice Magic
 21610 | Lair:6   | Found the +10 zealot's sword {holy, *Rage rN+ EV+3}
 21933 | Lair:6   | Found a radiant altar of Vehumet.
 22230 | Orc:1    | Entered Level 1 of the Orcish Mines
 22364 | Orc:2    | Entered Level 2 of the Orcish Mines
 22426 | Orc:2    | Found a roughly hewn altar of Beogh.
 22446 | Orc:2    | Found Qaenykew's Antique Armour Boutique.
 22508 | Orc:2    | Bought a pair of embroidered gloves for 217 gold pieces
 22623 | Orc:2    | Found a roughly hewn altar of Beogh.
 22651 | Orc:2    | Found Nuenocw's Gadget Boutique.
 22739 | Orc:2    | Identified Sif Muna's Incunabulum of Harmful Summoning (Sif
                  | Muna gifted it to you on level 2 of the Orcish Mines)
 22739 | Orc:2    | Received a gift from Sif Muna
 22745 | Orc:2    | Reached skill level 5 in Air Magic
 24050 | Orc:2    | Noticed an orc warlord
 24064 | Orc:2    | Identified Sif Muna's Catalogue of Boosting Dislocation
                  | (Sif Muna gifted it to you on level 2 of the Orcish Mines)
 24064 | Orc:2    | Received a gift from Sif Muna
 24078 | Orc:2    | Gained mutation: You are clumsy. (Dex -2) [potion of
                  | mutation]
 24078 | Orc:2    | Gained mutation: You are partially covered in thin metallic
                  | scales. (AC +2) [potion of mutation]
 24082 | Orc:2    | Killed an orc warlord
 24248 | Orc:2    | Noticed an orc warlord
 24485 | Orc:2    | Killed an orc warlord
 24589 | Orc:2    | Learned a level 6 spell: Freezing Cloud
 24634 | Orc:2    | Found a staircase to the Elven Halls.
 24842 | Orc:2    | Found a roughly hewn altar of Beogh.
 24842 | Orc:2    | Found Komeluaz's Antique Weapon Shop.
 24850 | Orc:2    | Found Wani's Antique Armour Boutique.
 24865 | Orc:2    | Bought a glimmering scale mail for 297 gold pieces
 24865 | Orc:2    | Bought an encrusted leather armour for 231 gold pieces
 24865 | Orc:2    | Bought a sapphire-encrusted ring mail for 297 gold pieces
 24865 | Orc:2    | Bought a distressingly furry buckler for 313 gold pieces
 24865 | Orc:2    | Bought a transparent leather armour for 231 gold pieces
 24876 | Orc:2    | Identified the +3 leather armour of Noon {Int+4} (You
                  | bought it in a shop on level 2 of the Orcish Mines)
 24886 | Orc:2    | Identified the cursed +1 scale mail of the Harvest Moon
                  | {+Fly rN++ Str-4} (You bought it in a shop on level 2 of
                  | the Orcish Mines)
 24886 | Orc:2    | Lost strength.
 24901 | Orc:2    | Identified the +7 ring mail "Matacor" {rC++ Int+2} (You
                  | bought it in a shop on level 2 of the Orcish Mines)
 24920 | Orc:2    | Identified the +3 buckler of the Sun {rPois Int+4 Slay+3}
                  | (You bought it in a shop on level 2 of the Orcish Mines)
 24930 | Orc:2    | Identified the +1 leather armour of Boopuf {Slay+3} (You
                  | bought it in a shop on level 2 of the Orcish Mines)
 24949 | Orc:2    | Bought a fine spear for 296 gold pieces
 24956 | Orc:2    | Identified the +4 spear of Faig {vorpal, rN+} (You bought
                  | it in a shop on level 2 of the Orcish Mines)
 24988 | Orc:2    | Found a roughly hewn altar of Beogh.
 25008 | Orc:2    | Found a roughly hewn altar of Beogh.
 25169 | D:12     | Found a runed translucent door.
 25169 | D:12     | Noticed po7itron's ghost (journeyman FoFi)
 25177 | D:12     | Reached XP level 15. HP: 95/108 MP: 27/30
 25201 | D:12     | Killed po7itron's ghost
 25858 | D:12     | Reached skill level 10 in Conjurations
 26611 | D:13     | Found a shadowy altar of Dithmenos.
 26636 | D:13     | Found the +8 glaive of the Guard {elec, +Rage AC+5 SInv}
 27240 | D:14     | Found a gate to the Vaults.
 27240 | D:14     | Noticed Rupert
 27755 | D:14     | HP: 3/108 [slime creature (16)]
 28130 | D:14     | Noticed Josephine
 28530 | D:13     | Killed Rupert
 28862 | D:14     | Killed Josephine
 28878 | D:14     | Identified Sif Muna's Guide on the Creative Glacier (Sif
                  | Muna gifted it to you on level 14 of the Dungeon)
 28878 | D:14     | Received a gift from Sif Muna
 28910 | D:14     | Learned a level 6 spell: Ozocubu's Refrigeration
 29248 | D:14     | Got a fading scale mail
 29258 | D:14     | Identified the +5 scale mail of the Pink Corner {rF++ Str+8
                  | SInv Stlth-} (You found it on level 14 of the Dungeon)
 29280 | D:14     | Found an ancient bone altar of Kikubaaqudgha.
 29290 | D:14     | Reached skill level 14 in Ice Magic
 29408 | D:14     | Noticed Kirke
 29422 | D:14     | Killed Kirke
 29454 | D:14     | Found Gugupn's Assorted Antiques.
 29530 | D:14     | Noticed Roxanne
 29695 | D:14     | Got an iridescent war axe
 29695 | D:14     | Identified the cursed +1 war axe of Incongruity {holy,
                  | *Slow rElec Str+3 Dex+3} (You found it on level 14 of the
                  | Dungeon)
 29754 | D:14     | Noticed Frances
 29762 | D:14     | Killed Frances
 30574 | D:14     | Killed Roxanne
 30652 | D:14     | Bought a metallic yellow potion for 22 gold pieces
 30652 | D:14     | Bought an amethyst potion for 22 gold pieces
 30652 | D:14     | Bought a scroll labeled ALEEDE JETO for 25 gold pieces
 30680 | D:15     | Entered Level 15 of the Dungeon
 30680 | D:15     | Found Ehamaby's Magic Scroll Shoppe.
 30682 | D:15     | Bought a scroll of acquirement for 728 gold pieces
 30682 | D:15     | Bought a scroll of identify for 28 gold pieces
 30682 | D:15     | Bought a scroll of magic mapping for 49 gold pieces
 30682 | D:15     | Bought a scroll of identify for 28 gold pieces
 30682 | D:15     | Bought a scroll of teleportation for 42 gold pieces
 31231 | D:15     | HP: 1/110 [phantasmal warrior[a death knight] (21)]
 31231 | D:15     | Slain by a phantasmal warrior

Illustrated notes

Levels and vault maps discovered:
D:1:      ebering_trefoil_twist, layout_loops_ring,
          chequers_serial_rivers_micro_d
D:2:      layout_basic, chequers_ecumenical_altar_simple_redux
D:3:      layout_rooms, elyvilon_altar_5, nemelex_altar_shiori, bloody_trog,
          lemuel_crystal_altar, nicolae_ru_sacrificial_ziggurat, first_ration,
          minmay_pentomino_pile, uniq_robin, uniq_jessica
D:4:      layout_cave_pods
D:5:      layout_layer_cave, vehumet_statue, fedhas_ov_isle_minmay, uniq_edmund,
          uniq_crazy_yiuf_cottage
D:6:      layout_loops_ring, nicolae_ossuary_entry_catacombs
D:7:      layout_basic, nicolae_overflow_crystal_walls,
          minmay_temple_entry_butterflies, the_bakery
D:8:      layout_basic, slow_altar_1, lemuel_mausoleum_altar_yredelemnul,
          special_room [special_room_orc], chequers_jeans, uniq_psyche
D:9:      layout_basic, kennysheep_mini, erik_lair_island, minmay_fountain_box,
          eino_tiny_chamber
D:10:     layout_loops_cross, david_orc_2, enter_trove_0,
          okawaru_metal_pillars_3
D:11:     layout_layer_cave, gammafunk_ghost_stat_death
D:12:     layout_basic, gammafunk_ghost_grave
D:13:     layout_rooms, basic_altar, serial_glass, glass_columns_a,
          glass_columns_b, glass_columns_a, glass_columns_a,
          fake_guardian_serpent_vault
D:14:     layout_gridville, david_vaults_3, minivault_24, basic_altar,
          serial_shops, shop, uniq_kirke, uniq_frances, uniq_josephine,
          uniq_roxanne
D:15:     gammafunk_depths_entry_grave, layout_loops_ring, nicolae_sextant,
          serial_shops, shop, serial_bayou_lake_a
Temple:   minmay_temple_curvy_loop
Lair:1:   layout_small_grid, lightli_volcano_entry_magma_tube,
          nicolae_quartered_pool_little, lemuel_centaur_altar
Lair:2:   layout_misc_corridors, roderic_batcave, eino_house_with_fridge
Lair:3:   layout_cave_pods, minmay_snake_entry_guardpost_small
Lair:4:   layout_gridlike, shoals_dummy_entry
Lair:5:   layout_regular_city, minmay_slime_entry_oklob_open, minivault_19
Lair:6:   evilmike_catoblepas_cave, layout_big_grid, lemuel_oklob_altar
Orc:1:    layout_diamond_mine
Orc:2:    grunt_orc_community_town_hall, layout_caves,
          grunt_orc_community_big_house_2, grunt_orc_community_big_house_2,
          grunt_orc_community_house_2, grunt_orc_community_house_1,
          grunt_orc_community_house_1, grunt_orc_community_house_1,
          sword_in_stone

Skill      XL: |  1  2  3  4  5  6  7  8  9 10 11 12 13 14 15 |
---------------+----------------------------------------------+-----
Dodging        | 3 4 5 6 7 8 9 10 11 12 | 12.1
Ice Magic      | 5 6 7 8 9 10 11 12 13 14 | 14.2
Spellcasting   | 3 4 5 6 8 9 10 11 12 | 12.0
Polearms       | 1 |  1.0
Conjurations   | 1 2 4 5 6 7 8 9 10 | 10.6
Shields        | 2 4 |  4.0
Fighting       | 2 3 4 6 7 8 |  8.0
Evocations     | 1 3 4 5 6 7 |  7.3
Invocations    | 1 3 4 5 6 7 |  7.9
Air Magic      | 1 2 3 4 5 |  5.9
Stealth        | |  2.1

Action                   |  1- 3 |  4- 6 |  7- 9 | 10-12 | 13-15 || total
-------------------------+-------+-------+-------+-------+-------++-------
Melee: Short sword       |    17 |     6 |       |       |       ||    23
       Spear             |       |    32 |       |       |       ||    32
       Rapier            |       |    15 |   191 |   338 |   709 ||  1253
       War axe           |       |       |       |       |    72 ||    72
Throw: Dart              |       |       |       |    10 |    52 ||    62
 Cast: Freeze            |    29 |    91 |    12 |    20 |    59 ||   211
       Frozen Ramparts   |     1 |     8 |    18 |    42 |    70 ||   139
       Ozocubu's Armour  |       |       |     1 |     6 |    28 ||    35
       Hailstorm         |       |       |       |    75 |   194 ||   269
       Summon Ice Beast  |       |       |       |    15 |    36 ||    51
       Freezing Cloud    |       |       |       |       |    15 ||    15
Invok: Channel Magic     |       |       |       |     3 |     9 ||    12
Evoke: Wand              |       |       |       |       |     1 ||     1
  Use: Scroll            |       |       |     9 |     4 |    16 ||    29
       Potion            |       |       |       |       |     7 ||     7
 Stab: Sleeping          |     2 |     3 |     7 |     7 |     3 ||    22
       Distracted        |       |       |       |       |     1 ||     1
  Eat: Chunk             |     1 |     8 |     8 |    27 |    44 ||    88
       Ration            |       |     1 |     2 |     1 |     2 ||     6
Armor: Robe              |     7 |    15 |    32 |    20 |     2 ||    76
       Troll leather arm |       |       |       |    83 |    94 ||   177
       Ring mail         |       |       |       |       |   248 ||   248
Dodge: Dodged            |    23 |    66 |   133 |   393 |   891 ||  1506
Block: Buckler           |       |       |       |   115 |   428 ||   543

Table legend:
 A = Non-vault XP
 B = Vault XP
 C = Vault XP percentage of total XP
 D = Non-vault monster count
 E = Vault monster count
 F = Vault count percentage of total count
                 A         B        C        D         E       F
            +---------+---------+-------+---------+---------+-------
      Total |   73776 |   53338 |  42.0 |     482 |     266 |  35.6
            +---------+---------+-------+---------+---------+-------
        D:1 |      36 |       0 |   0.0 |      20 |       0 |   0.0
        D:2 |     126 |       0 |   0.0 |      23 |       0 |   0.0
        D:3 |      58 |      83 |  58.9 |      20 |      16 |  44.4
        D:4 |     163 |       0 |   0.0 |      18 |       0 |   0.0
        D:5 |     153 |     197 |  56.3 |      13 |       2 |  13.3
        D:6 |    1906 |     381 |  16.7 |      23 |       6 |  20.7
        D:7 |     511 |     205 |  28.6 |       6 |       1 |  14.3
        D:8 |    1061 |    1502 |  58.6 |      22 |      39 |  63.9
        D:9 |     624 |     571 |  47.8 |      11 |       6 |  35.3
       D:10 |    2451 |     158 |   6.1 |      22 |       8 |  26.7
       D:11 |    4966 |    1480 |  23.0 |      34 |       6 |  15.0
       D:12 |    2581 |     958 |  27.1 |      21 |       1 |   4.5
       D:13 |    7610 |    6965 |  47.8 |      31 |      19 |  38.0
       D:14 |    8582 |   10610 |  55.3 |      35 |      15 |  30.0
       D:15 |    3956 |       0 |   0.0 |      14 |       0 |   0.0
     Lair:1 |    3737 |     450 |  10.7 |      16 |       4 |  20.0
     Lair:2 |    3651 |     900 |  19.8 |      22 |      18 |  45.0
     Lair:3 |    3118 |     163 |   5.0 |       7 |       1 |  12.5
     Lair:4 |    9822 |       0 |   0.0 |      24 |       0 |   0.0
     Lair:5 |    6136 |    1627 |  21.0 |      22 |       3 |  12.0
     Lair:6 |    5016 |   11811 |  70.2 |      17 |      24 |  58.5
      Orc:1 |    4195 |       6 |   0.1 |      36 |       2 |   5.3
      Orc:2 |    3317 |    8261 |  71.4 |      25 |      71 |  74.0
    Ossuary |       0 |     267 | 100.0 |       0 |      16 | 100.0
    Volcano |       0 |    6743 | 100.0 |       0 |       8 | 100.0
            +---------+---------+-------+---------+---------+-------
